 Dungeon Crawl Stone Soup version 0.22-a0-348-gd16d139 (webtiles) character file.

65 Kairos the Shield-Bearer (level 4, -2/37 HPs)
             Began as a Formicid Fighter on Apr 7, 2018.
             Slain by a wight
             ... wielding a cursed +3 mace
              (5 damage)
             ... on level 2 of the Dungeon.
             The game lasted 00:01:07 (644 turns).

Kairos the Shield-Bearer (Formicid Fighter)          Turns: 644, Time: 00:01:08

Health: -2/37      AC:  6    Str: 21    XL:     4   Next: 34%
Magic:  4/4        EV:  8    Int:  7    God:
Gold:   76         SH:  9    Dex: 11    Spells: 3/3 levels left

rFire    . . .     SeeInvis +   a - +0 war axe
rCold    . . .     Gourm    .   c - +0 shield
rNeg     . . .     Faith    .   b - +0 scale mail
rPois    .         Spirit   .   (helmet unavailable)
rElec    .         Reflect  .   (no cloak)
rCorr    .         Harm     .   (no gloves)
MR       .....                  (no boots)
Stlth    ..........             (no amulet)
HPRegen  0.12/turn              (no ring)
MPRegen  0.09/turn              (no ring)

@: drained
A: permanent stasis, dig shafts and tunnels, four strong arms, antennae 3
a: Dig, Shaft Self


You were on level 2 of the Dungeon.
You were not hungry.

You visited 1 branch of the dungeon, and saw 2 of its levels.

You collected 76 gold pieces.

Inventory:

Hand Weapons
 a - a +0 war axe (weapon)
Armour
 b - a +0 scale mail (worn)
 c - a +0 shield (worn)
Potions
 d - a potion of might
 g - a potion of flight
Comestibles
 f - 4 rations


   Skills:
 + Level 3.8(3.2) Fighting
 + Level 2.7(2.2) Axes
 + Level 3.6(3.1) Armour
 + Level 0.6(0.1) Dodging
 + Level 4.3(3.8) Shields


You had 3 spell levels left.
You didn't know any spells.

Dungeon Overview and Level Annotations

Branches:
Dungeon (2/15)

Altars:
Makhleb


Innate Abilities, Weirdness & Mutations

You cannot be hasted, slowed, berserked, paralysed or teleported.
You can dig through walls and to a lower floor.
Your four strong arms can wield two-handed weapons with a shield.
You have a pair of large antennae on your head. (SInv)


Message History

Your life force feels restored.
You have reached level 4!
You feel stronger.
You completely miss the wight.
The wight hits you with an enchanted mace. x2
* * * LOW HITPOINT WARNING * * *
You feel drained.
You are too injured to fight recklessly!
Unknown command.
You are too injured to fight recklessly!
Unknown command.
You slash the wight!
The wight is heavily damaged.
You closely miss the wight. You block the wight's attack.
The wight hits you with an enchanted dagger.
* * * LOW HITPOINT WARNING * * *
You feel drained.
* * * LOW HITPOINT WARNING * * *
The wight hits you with an enchanted mace.
You die...

... #####.#.#
..# #.#.# #
#######.#.####
{
.............#
####...###.#
#.#.# #.#
##.#####.#
##...##...#
#@....##### {
#zz.....#
....._......
...#.......###
.....##.....##
.... ##...##
... ##.## .%.
..


You could see 2 wights.

Vanquished Creatures
  A wight (D:2)
  A worm (D:2)
  2 dart slugs (D:1)
  2 goblins (D:1)
  4 hobgoblins (D:1)
  2 ball pythons (D:1)
  4 bats (D:1)
  3 frilled lizards (D:1)
  A kobold (D:2)
  A rat (D:2)
21 creatures vanquished.

Notes
Turn   | Place    | Note
-------+----------+-------------------------------------------
     0 | D:1      | Kairos the Formicid Fighter began the quest for the Orb.
     0 | D:1      | Reached XP level 1. HP: 18/18 MP: 1/1
    78 | D:1      | Reached XP level 2. HP: 21/24 MP: 2/2
   459 | D:1      | Reached XP level 3. HP: 30/30 MP: 3/3
   599 | D:2      | Reached skill level 4 in Shields
   635 | D:2      | Found a burning altar of Makhleb.
   637 | D:2      | Noticed a wight
   638 | D:2      | Noticed a wight
   639 | D:2      | Noticed a wight
   643 | D:2      | Killed a wight
   643 | D:2      | Reached XP level 4. HP: 19/37 MP: 4/4
   644 | D:2      | Slain by a wight

Vault maps used:
D:1:      dpeg_arrival_pits, kennysheep_boxes
D:2:      old_standard_altar, lemuel_round_altar, minivault_14,
          guppyfry_early_orc_mine

Skill      XL: |  1  2  3 |
---------------+----------+-----
Shields        | 4 |  4.3
Fighting       | |  3.8
Axes           | |  2.7
Armour         | |  3.6
Dodging        | |  0.6

Action                   |  1- 3 |  4- 6 || total
-------------------------+-------+-------++-------
Melee: War axe           |    83 |     1 ||    84
  Use: Potion            |     4 |       ||     4
Armor: Scale mail        |    39 |       ||    39
Dodge: Dodged            |    37 |       ||    37
Block: Shield            |    50 |     1 ||    51

Table legend:
 A = Spawn XP
 B = Non-spawn XP
 C = Spawn XP percentage of total XP
 D = Spawn monster count
 E = Non-spawn monster count
 F = Spawn count percentage of total count
 G = Total turns spent on level
                    A         B        C        D         E        F      G
               +---------+---------+-------+---------+---------+-------+---------
         Total |       0 |      93 |   0.0 |       0 |      21 |   0.0 |   644
               +---------+---------+-------+---------+---------+-------+---------
           D:1 |       0 |      29 |   0.0 |       0 |      17 |   0.0 |   592
           D:2 |       0 |      64 |   0.0 |       0 |       4 |   0.0 |    52
               +---------+---------+-------+---------+---------+-------+---------
